 Dungeon Crawl Stone Soup version 0.28.0-53-g5a82cb258f (webtiles) character file.

Game seed: 2060022084062421

240 Gabide the Skirmisher (level 6, 0/49 HPs)
             Began as a Human Monk on May 31, 2022.
             Slain by a gnoll
             ... wielding a +0 halberd
              (9 damage)
             ... on level 3 of the Dungeon.
             The game lasted 00:02:34 (3353 turns).

Gabide the Skirmisher (Human Monk)                  Turns: 3353, Time: 00:02:35

Health: 0/49       AC:  2    Str: 11    XL:     6   Next: 29%
Magic:  6/6        EV: 14    Int: 11    God:
Gold:   137        SH:  0    Dex: 17    Spells: 5/5 levels left

rFire   . . .      SeeInvis .   g - +1 war axe (flame)
rCold   . . .      Faith    .   (no shield)
rNeg    . . .      Spirit   .   b - +0 robe
rPois   .          Reflect  .   (no helmet)
rElec   .          Harm     .   (no cloak)
rCorr   +          Rampage  .   (no gloves)
Will    .....                   (no boots)
Stlth   ++........              (no amulet)
HPRegen 0.16/turn               f - ring of resist corrosion
MPRegen 0.10/turn               (no ring)

@: no status effects
A: no striking features
a: no special abilities


You were on level 3 of the Dungeon.
You visited 1 branch of the dungeon, and saw 3 of its levels.

You collected 137 gold pieces.

Inventory:

Hand Weapons
 a - a +0 spear
 g - a +1 war axe of flaming (weapon)
Missiles
 h - a throwing net (quivered)
Armour
 b - a +0 robe (worn)
Jewellery
 f - a ring of resist corrosion (left hand)
Scrolls
 c - a scroll of noise
 d - 2 scrolls of blinking
 e - a scroll of vulnerability {unknown}
 i - a scroll of amnesia {unknown}
 k - a scroll of teleportation {unknown}
 l - a scroll of enchant weapon {unknown}
Potions
 j - a potion of mutation


   Skills:
 + Level 4.5 Fighting
 + Level 4.4 Polearms
 + Level 4.5 Dodging
 - Level 2.0 Stealth


You had 5 spell levels left.
You didn't know any spells.
Your spell library contained the following spells:

 Spells                   Type           Power      Damage    Failure   Level
 Fulminant Prism          Conj/Hex       0%         3d6       98%         4
 Iskenderun's Mystic Bla  Conj/Tloc      0%         2d3       98%         4
 Lee's Rapid Deconstruct  Erth           0%         3d5*      100%        5


Dungeon Overview and Level Annotations

Branches:
Dungeon (3/15)

Altars:
Sif Muna


Message History

The gnoll misses you. The ball python bites you.
The ball python closely misses you.
A white imp comes into view.
The gnoll hits you with a +0 spear.
You slash the gnoll! You burn the gnoll.
You kill the gnoll!
You closely miss the ball python. You hit the gnoll. You burn the gnoll.
The ball python misses you. The ball python grabs you.
The ball python constricts you. The gnoll hits you with a +0 club.
The ball python bites you. The ball python constricts you.
The gnoll barely misses you.
You barely miss the orc. You hit the gnoll. You burn the gnoll.
You barely miss the ball python.
The gnoll hits you from afar with a +0 halberd!
The orc closely misses you. The ball python loses its grip on you.
The gnoll hits you with a +0 club.
* * * LOW HITPOINT WARNING * * *
The orc closely misses you. The gnoll completely misses you.
The ball python misses you. The ball python barely misses you.
The ball python bites you.
* * * LOW HITPOINT WARNING * * *
The ball python grabs you. The ball python constricts you.
* * * LOW HITPOINT WARNING * * *
You escape the ball python's grasp.
The ball python misses you. The ball python closely misses you.
You slash the gnoll! You burn the gnoll.
You kill the gnoll!
The orc hits you but does no damage.
You closely miss the orc. The gnoll barely misses you.
The orc hits you but does no damage.
You closely miss the orc. You barely miss the ball python.
The gnoll barely misses you. The orc misses you.
The ball python closely misses you. The ball python misses you.
The gnoll closely misses you. The orc hits you with a +0 dagger.
* * * LOW HITPOINT WARNING * * *
You hit the ball python. You burn the ball python.
You kill the ball python!
You barely miss the orc.
The gnoll hits you from afar with a +0 halberd!
You die...

# #.....##.........#####....#
#######.#####..#.####.....)..#.##
.)...##.### #.##.# #........#...
####......###.##.# #........###.
....##..#..##.##.############# #
#..............#....###
.............#........###
.......)#######†##g.)...####
........# #.@oS...)....#
........# ####5.....##...
........# #......# ...######
#......# ..#####.# #......#
#.###.#.## #......# #.##.#...#
#......# #.#.....## #......#
#.#....#.#


You could see a gnoll, a white imp, an orc and a ball python.

Vanquished Creatures
  A jelly (D:3)
  Terence (D:2)
  A howler monkey skeleton (D:2)
  7 gnolls (D:3)
  5 adders (D:3)
  A dart slug (D:1)
  An orc (D:3)
  6 endoplasms
  4 giant cockroaches
  5 goblins
  5 hobgoblins
  A quokka (D:1)
  10 ball pythons
  5 bats
  4 frilled lizards
  3 kobolds
  7 rats
67 creatures vanquished.

Vanquished Creatures (others)
  4 plants (D:3)
4 creatures vanquished.

Grand Total: 71 creatures vanquished

Notes
Turn   | Place    | Note
-------+----------+-------------------------------------------
     0 | D:1      | Gabide the Human Monk began the quest for the Orb.
     0 | D:1      | Reached XP level 1. HP: 18/18 MP: 1/1
    45 | D:1      | Reached XP level 2. HP: 23/24 MP: 2/2
   259 | D:1      | HP: 1/24 [frozen (2)]
   265 | D:1      | Reached XP level 3. HP: 2/29 MP: 3/3
  1215 | D:2      | Found a shimmering blue altar of Sif Muna.
  1479 | D:2      | Found a faded altar of an unknown god.
  1574 | D:2      | Noticed Terence
  1586 | D:2      | Killed Terence
  1587 | D:2      | Reached XP level 4. HP: 5/37 MP: 4/4
  2397 | D:3      | Reached XP level 5. HP: 40/42 MP: 5/5
  2704 | D:3      | Reached XP level 6. HP: 25/48 MP: 6/6
  2715 | D:3      | HP: 3/73 [gnoll/+0 club (2)]
  3353 | D:3      | Slain by a gnoll

Illustrated notes

Levels and vault maps discovered:
D:1:      minmay_arrival_solitary_statue, layout_loops_cross, minmay_unequal
D:2:      layout_basic, shapermc_ecumenical_altar_ellora, basic_altar,
          hex_intersection, uniq_terence
D:3:      layout_rooms, minmay_shallow_snake_nest

Skill      XL: |  1  2  3  4  5 |
---------------+----------------+-----
Fighting       | 4 |  4.5
Dodging        | 4 |  4.5
Polearms       | 4 |  4.4
Stealth        | |  2.0

Action                   |  1- 3 |  4- 6 || total
-------------------------+-------+-------++-------
Melee: Spear             |   102 |       ||   102
       War axe           |    12 |    74 ||    86
       Punch             |       |     2 ||     2
  Use: Scroll            |     1 |     3 ||     4
       Potion            |       |     1 ||     1
 Stab: Sleeping          |     3 |     6 ||     9
       Distracted        |       |     1 ||     1
Armor: Robe              |    17 |     7 ||    24
       Skin              |       |     8 ||     8
Dodge: Dodged            |    63 |    60 ||   123
